 Dungeon Crawl Stone Soup version 0.24-a0-499-g1074bba3cf (webtiles) character file.

Game seed: 7778829121409481293

7834 Arthanis the Cleaver (level 11, -7/72 HPs)
             Began as a Gargoyle Berserker on July 14, 2019.
             Was a High Priest of Trog.
             Killed by divine providence
             ... invoked by an orc priest
              (15 damage)
             ... on level 10 of the Dungeon.
             The game lasted 00:14:14 (7378 turns).

Arthanis the Cleaver (Gargoyle Berserker)           Turns: 7378, Time: 00:14:16

Health: -7/72      AC: 22    Str: 24    XL:     11   Next: 21%
Magic:  12/12      EV:  7    Int: 11    God:    Trog [*****.]
Gold:   235        SH: 10    Dex:  9    Spells: 10/10 levels left

rFire    . . .     SeeInvis .   b - +2 flail (protect)
rCold    . . .     Gourm    .   z - +0 buckler
rNeg     + . .     Faith    .   j - +0 plate armour
rPois    ∞         Spirit   .   (no helmet)
rElec    +         Reflect  +   l - scarf {repulsion}
rCorr    .         Harm     .   F - +1 pair of gloves
MR       ++...                  (no boots)
Stlth    ..........             E - +6 amulet of reflection
HPRegen  1.22/turn              I - +3 ring of strength
MPRegen  0.13/turn              (no ring)

@: berserk cooldown, regenerating, slowed, repel missiles, very slow
A: negative energy resistance 1, electricity resistance, unbreathing,
petrification resistance, rot immunity, AC +8
a: Berserk, Trog's Hand, Brothers in Arms, Renounce Religion


You were on level 10 of the Dungeon.
You worshipped Trog.
Trog was extremely pleased with you.
You were not hungry.

You visited 1 branch of the dungeon, and saw 10 of its levels.

You collected 515 gold pieces.
You spent 280 gold pieces at shops.

Inventory:

Hand Weapons
 a - a +0 war axe
 b - a +2 flail of protection (weapon)
 i - a +1 hand axe of flaming
 n - a +0 hand axe
 A - a +1 trident of piercing
 C - a +0 scythe of venom
Armour
 j - a +0 plate armour (worn)
 l - a scarf of repulsion (worn)
 q - a +0 cloak
 v - a +0 animal skin
 z - a +0 buckler (worn)
 F - a +1 pair of gloves (worn)
Jewellery
 E - a +6 amulet of reflection (around neck)
 I - a +3 ring of strength (left hand)
Wands
 p - a wand of iceblast (7)
 u - a wand of disintegration (14)
 B - a wand of digging (6)
 M - a wand of flame (18)
Scrolls
 e - 3 scrolls of teleportation
 f - 2 scrolls of magic mapping
 h - 2 scrolls of immolation {unknown}
 k - a scroll of enchant armour {unknown}
 m - 4 scrolls of blinking
 o - 3 scrolls of enchant weapon
 r - 2 scrolls of amnesia {unknown}
 s - 2 scrolls of remove curse
 y - a scroll of brand weapon {unknown}
 D - a scroll of random uselessness {unknown}
 G - 2 scrolls of torment {unknown}
 L - a scroll of fear {unknown}
Potions
 d - 11 potions of curing
 g - 2 potions of cancellation
 t - 2 potions of invisibility
 w - 4 potions of heal wounds
 x - 3 potions of brilliance
 H - a potion of mutation
Comestibles
 c - 22 rations
 J - 2 chunks of flesh


   Skills:
 + Level 10.3 Fighting
 * Level 11.7 Axes
 - Level 6.0 Armour
 - Level 2.0 Dodging
 - Level 4.0 Shields
 - Level 2.1 Evocations


You had 10 spell levels left.
You didn't know any spells.
Your spell library contained the following spells:

 Spells                   Type           Power        Failure   Level  Hunger
 Poisonous Vapours        Pois/Air       #.....       100%        2    ###....
 Conjure Flame            Conj/Fire      #.......     100%        3    ####...
 Mephitic Cloud           Conj/Pois/Air  #.......     100%        3    ####...
 Freezing Cloud           Conj/Ice/Air   #.........   100%        6    #######
 Ring of Flames           Chrm/Fire      #.........   100%        7    #######


Dungeon Overview and Level Annotations

Branches:
Dungeon (10/15)            Temple (0/1) D:4
   Lair: D:8-11         Orc: D:9-12

Altars:
Fedhas
Gozag
Kikubaaqudgha
Nemelex Xobeh
Okawaru
Qazlal
Ru
Yredelemnul
Zin
The Shining One

Shops:
D:4 *   D:6 }   D:8 *

Annotations:
D:6 1 runed translucent door, gruber's ghost, novice OpCj
D:7 Ijustatesigmund's ghost, novice OgAr


Innate Abilities, Weirdness & Mutations

You are resistant to torment.
Your stone body is resilient. (AC +8)
You are immune to poison.
You resist negative energy. (rN+)
You are resistant to electric shocks. (rElec)
You can survive without breathing.
You are immune to petrification.
You are immune to rotting.


Message History

The orc warrior closely misses you.
The orc priest calls down the wrath of Beogh upon you.
Beogh smites you! Something hits you but does no damage.
The orc priest miscasts a cantrip.
You block the orc warrior's attack.
You miss something.
You feel the effects of Trog's Hand fading.
Something hits you but does no damage. x2
The orc warrior hits you with a +0 glaive!
* * * LOW HITPOINT WARNING * * *
An orc wizard appears from thin air!
Reactivating autopickup.
You block the orc wizard's attack. You block the orc warrior's attack.
The orc wizard hits you but does no damage.
The orc priest mumbles some strange prayers to Beogh against you.
Beogh smites you!
* * * LOW HITPOINT WARNING * * *
The orc priest invokes the aid of Beogh against you.
Beogh smites you!
You die...

## ##'## .o #.. #..# ..
#####.###### ##.# o.
##..........# #.. ##.
#...........### ### ####..#
#.........÷...## ## ....)oo
#...........#..###.
>....oo##...........##..##.
....ooooSo@.........###.##.
......oo#...........# #..#.
......5##...........# ##)'.
..(.... #...........# ###.
####### ############# #. #.
##


You could see an orc warrior, a water moccasin, 2 orc priests, 2 orc wizards and
4 orcs.

Vanquished Creatures
  A two-headed ogre (D:8)
  Pikel (D:5)
  A kobold demonologist (D:7)
  A troll (D:6)
  A hippogriff (D:7)
  Prince Ribbit (D:7)
  Sigmund (D:6)
  2 wargs (D:10)
  Menkaure (D:5)
  Edmund (D:4)
  A water moccasin (D:6)
  Duvessa (D:5)
  2 sky beasts
  An eye of draining (D:9)
  4 ice beasts
  2 phantoms
  4 orc warriors
  The ghost of Azzok the Chopper, an amateur HOFi (D:3)
  2 necrophages (D:7)
  An ogre (D:5)
  A crocodile (D:9)
  2 centaurs
  8 big kobolds
  5 bullfrogs
  Dowan (D:5)
  2 wyvern zombies
  A water moccasin skeleton (D:8)
  3 scorpions
  8 killer bees (D:8)
  4 howler monkeys
  6 crimson imps
  2 centaur skeletons
  4 hounds
  Crazy Yiuf (D:5)
  A bullfrog skeleton (D:10)
  2 iguanas (D:7)
  8 orc priests
  11 orc wizards
  5 worker ants
  A hound zombie (D:8)
  A hound skeleton (D:5)
  3 worker ant zombies
  A howler monkey skeleton (D:7)
  7 gnolls (D:6)
  14 adders
  2 shadow imps (D:5)
  2 worms (D:4)
  A dart slug (D:2)
  7 leopard geckos
  37 orcs
  2 ball pythons
  4 giant cockroaches
  9 goblins
  7 hobgoblins
  7 jackals (D:1)
  2 quokkas
  7 bats
  5 frilled lizards
  2 hobgoblin zombies (D:5)
  A jackal skeleton (D:3)
  7 kobolds
  A kobold skeleton (D:5)
  A leopard gecko zombie (D:5)
  2 orc skeletons (D:5)
  An orc zombie (D:5)
  8 rats
247 creatures vanquished.

Vanquished Creatures (others)
  A centaur (D:9)
  A bullfrog zombie (D:5)
  A shadow imp (D:5)
  A giant cockroach (D:5)
  2 orc zombies (D:5)
6 creatures vanquished.

Grand Total: 253 creatures vanquished

Notes
Turn   | Place    | Note
-------+----------+-------------------------------------------
     0 | D:1      | Arthanis the Gargoyle Berserker began the quest for the
                  | Orb.
     0 | D:1      | Reached XP level 1. HP: 14/14 MP: 1/1
    87 | D:1      | Reached XP level 2. HP: 18/19 MP: 2/2
   101 | D:1      | Reached skill level 3 in Axes
   204 | D:1      | Reached XP level 3. HP: 7/23 MP: 3/3
   222 | D:1      | Reached ** piety under Trog
   488 | D:1      | You fall into a shaft and drop 1 floor!
   923 | D:2      | Found a basalt altar of Yredelemnul.
  1129 | D:2      | Reached XP level 4. HP: 25/29 MP: 4/4
  1282 | D:2      | Found an ancient bone altar of Kikubaaqudgha.
  1791 | D:3      | Found a runed translucent gate.
  1791 | D:3      | Found a runed translucent gate.
  1791 | D:3      | Found a runed translucent gate.
  1792 | D:3      | Noticed Azzok's ghost (amateur HOFi)
  1834 | D:3      | Killed Azzok's ghost
  1834 | D:3      | Reached skill level 4 in Axes
  1834 | D:3      | Reached XP level 5. HP: 23/33 MP: 5/5
  2414 | D:3      | Found a faded altar of an unknown god.
  2455 | D:4      | Noticed Edmund
  2461 | D:4      | Reached XP level 6. HP: 35/39 MP: 6/6
  2476 | D:4      | Killed Edmund
  2520 | D:4      | Reached skill level 5 in Axes
  2526 | D:4      | Found a sacrificial altar of Ru.
  2573 | D:4      | Noticed a phantom
  2616 | D:4      | Killed a phantom
  2616 | D:4      | Reached skill level 5 in Fighting
  2616 | D:4      | Reached XP level 7. HP: 25/44 MP: 7/7
  2654 | D:4      | Found Juqod's General Store.
  2660 | D:4      | Bought a scroll of identify for 28 gold pieces
  2899 | D:4      | Reached *** piety under Trog
  2934 | D:4      | Reached skill level 6 in Axes
  3138 | D:4      | Reached skill level 5 in Armour
  3244 | D:4      | Found a staircase to the Ecumenical Temple.
  3343 | D:5      | Entered Level 5 of the Dungeon
  3350 | D:5      | Reached XP level 8. HP: 51/51 MP: 8/8
  3402 | D:5      | Found a glowing golden altar of the Shining One.
  3402 | D:5      | Noticed Pikel
  3447 | D:5      | Killed Pikel
  3447 | D:5      | Reached skill level 7 in Axes
  3568 | D:5      | Noticed Duvessa
  3568 | D:5      | Noticed Dowan
  3576 | D:5      | Killed Duvessa
  3582 | D:5      | Killed Dowan
  3641 | D:5      | Found an iron altar of Okawaru.
  3668 | D:5      | Noticed Menkaure
  3675 | D:5      | Killed Menkaure
  3675 | D:5      | Reached XP level 9. HP: 57/57 MP: 9/9
  3771 | D:5      | Found a runed translucent door.
  3772 | D:5      | Noticed Crazy Yiuf
  3830 | D:5      | Killed Crazy Yiuf
  3830 | D:5      | Reached **** piety under Trog
  3830 | D:5      | Reached skill level 8 in Axes
  3830 | D:5      | Reached skill level 1 in Evocations
  3983 | D:6      | Noticed a troll
  3992 | D:6      | Killed a troll
  4019 | D:6      | Noticed Sigmund
  4059 | D:6      | Killed Sigmund
  4176 | D:6      | Reached skill level 9 in Axes
  4222 | D:6      | Found a runed translucent door.
  4375 | D:6      | Found a blossoming altar of Fedhas.
  4419 | D:6      | Found Hinwoirhuu's Gadget Shoppe.
  4509 | D:6      | Reached skill level 1 in Shields
  4655 | D:6      | Noticed gruber's ghost (novice OpCj)
  4901 | D:7      | Noticed Prince Ribbit
  4960 | D:7      | Found a runed translucent gate.
  4960 | D:7      | Found a runed translucent gate.
  4960 | D:7      | Found a runed translucent gate.
  4961 | D:7      | Identified the +6 short sword "Neddam" {elec, rN+}
  4961 | D:7      | Noticed Ijustatesigmund's ghost (novice OgAr)
  4962 | D:7      | Noticed a kobold demonologist
  5004 | D:7      | Killed Prince Ribbit
  5004 | D:7      | Reached XP level 10. HP: 46/65 MP: 11/11
  5435 | D:7      | Found an opulent altar of Gozag.
  5545 | D:7      | Reached skill level 10 in Axes
  5668 | D:7      | Found a blossoming altar of Fedhas.
  5822 | D:7      | Killed a kobold demonologist
  5938 | D:8      | Found Poanweg's General Store.
  5949 | D:8      | Bought a potion of mutation for 96 gold pieces
  5949 | D:8      | Bought a scroll of identify for 24 gold pieces
  5949 | D:8      | Bought a scroll of teleportation for 36 gold pieces
  5949 | D:8      | Bought a potion of invisibility for 96 gold pieces
  6115 | D:8      | Found a sparkling altar of Nemelex Xobeh.
  6120 | D:8      | Found a stormy altar of Qazlal.
  6203 | D:8      | Noticed a two-headed ogre
  6226 | D:8      | Killed a two-headed ogre
  6226 | D:8      | Reached skill level 11 in Axes
  6301 | D:8      | Reached XP level 11. HP: 24/72 MP: 12/12
  6742 | D:9      | Reached skill level 10 in Fighting
  6798 | D:9      | Reached ***** piety under Trog
  6820 | D:9      | Found a sacrificial altar of Ru.
  7165 | D:9      | Found a glowing silver altar of Zin.
  7228 | D:10     | Entered Level 10 of the Dungeon
  7338 | D:10     | Received a gift from Trog
  7378 | D:10     | Killed from afar by an orc priest

Levels and vault maps discovered:
D:1:      dpeg_arrival_water_temple_mockup, layout_basic
D:2:      layout_basic, kiku_gazebo_pond_becter, lemuel_crystal_altar
D:3:      layout_loops_ring, chequers_ecumenical_altar_grove,
          gammafunk_ghost_split
D:4:      layout_cave_pods, minmay_temple_entry_antechambers, serial_shops,
          shop, first_ration, nicolae_ru_sacrificial_ziggurat, uniq_edmund
D:5:      layout_rooms, okawaru_trees_1, nicolae_tso_besieged_by_evil,
          uniq_pikel, uniq_crazy_yiuf_cottage, uniq_duvessa, uniq_menkaure
D:6:      layout_basic, serial_shops, nicolae_shop_stone,
          ebering_ghost_reflecting_pool, basic_altar, uniq_sigmund
D:7:      layout_cave_pods, fedhas_altar_fruit_tree,
          nicolae_gozag_cash_rules_everything_around_me,
          gammafunk_ghost_nasty_kobolds, amethyst_killhole, uniq_prince_ribbit1
D:8:      layout_loops_ring, grunt_temple_overflow_open, serial_shops,
          nicolae_shop_behind_doors
D:9:      layout_long_grid, lemuel_coloured_pillars_altar, basic_altar
D:10:     layout_roguey, erik_lair_orcish_takeover, blue_anna_alchemist
          [blue_anna_fruit_fields, blue_anna_fruit_fields], uniq_erolcha,
          uniq_gastronok

Skill      XL: |  1  2  3  4  5  6  7  8  9 10 11 |
---------------+----------------------------------+-----
Axes           | 3 4 5 6 7 9 11 | 11.7
Dodging        | 2 |  2.0
Armour         | 3 4 5 6 |  6.0
Fighting       | 4 5 7 8 9 10 | 10.3
Evocations     | 2 |  2.1
Shields        | 2 4 |  4.0

Action                   |  1- 3 |  4- 6 |  7- 9 | 10-12 || total
-------------------------+-------+-------+-------+-------++-------
Melee: Hand axe          |   105 |       |       |       ||   105
       War axe           |       |   112 |   188 |    78 ||   378
       Flail             |       |    41 |   198 |   322 ||   561
Invok: Berserk           |     3 |     2 |     7 |     6 ||    18
       Trog's Hand       |       |     1 |     1 |     4 ||     6
Evoke: Wand              |       |       |       |     2 ||     2
  Use: Scroll            |       |       |     2 |     9 ||    11
  Eat: Chunk             |     4 |     7 |    15 |     9 ||    35
       Ration            |       |       |       |     2 ||     2
Armor: Animal skin       |    24 |       |       |       ||    24
       Plate armour      |    47 |   134 |   345 |   291 ||   817
Dodge: Dodged            |    50 |    39 |   103 |   104 ||   296
       Deflected         |       |       |       |    10 ||    10
Block: Buckler           |       |       |    17 |   269 ||   286
       Reflection        |       |       |       |    12 ||    12

Table legend:
 A = Non-vault XP
 B = Vault XP
 C = Vault XP percentage of total XP
 D = Non-vault monster count
 E = Vault monster count
 F = Vault count percentage of total count
                 A         B        C        D         E       F
            +---------+---------+-------+---------+---------+-------
      Total |    8028 |    3164 |  28.3 |     218 |      30 |  12.1
            +---------+---------+-------+---------+---------+-------
        D:1 |      57 |       0 |   0.0 |      34 |       0 |   0.0
        D:2 |      59 |       0 |   0.0 |      15 |       0 |   0.0
        D:3 |      26 |     132 |  83.5 |       8 |       5 |  38.5
        D:4 |     740 |     171 |  18.8 |      35 |       1 |   2.8
        D:5 |     355 |    1005 |  73.9 |      16 |      11 |  40.7
        D:6 |    1474 |     231 |  13.5 |      32 |       1 |   3.0
        D:7 |    1138 |    1283 |  53.0 |      18 |       9 |  33.3
        D:8 |    2792 |       0 |   0.0 |      37 |       0 |   0.0
        D:9 |     828 |       0 |   0.0 |      14 |       0 |   0.0
       D:10 |     559 |     342 |  38.0 |       9 |       3 |  25.0
            +---------+---------+-------+---------+---------+-------
